 Dungeon Crawl Stone Soup version 0.30-a0-371-gad7725a93e (webtiles) character file.

Game seed: 15227800952472189142

163 KennySheep the Ogre Mage (level 5, -1/47 (49) HPs)
             Began as an Ogre Hedge Wizard on Nov 20, 2022.
             Was an Initiate of Yredelemnul.
             Slain by a centaur zombie (4 damage)
             ... in an ossuary.
             The game lasted 00:12:25 (3206 turns).

KennySheep the Ogre Mage (Ogre Hedge Wizard)        Turns: 3206, Time: 00:12:26

HP:   -1/47 (49)    AC:  3    Str: 14    XL:     5   Next: 44%
MP:   6/12          EV:  9    Int: 17    God:    Yredelemnul [......]
Gold: 137           SH:  5    Dex:  8    Spells: 8/13 levels left

rFire   . . .      SeeInvis .    e - +0 spear
rCold   . . .      Faith    .    (no shield)
rNeg    . . .      Spirit   .    b - +0 robe
rPois   .          Reflect  +    c - +0 hat
rElec   .          Harm     .    (no cloak)
rCorr   .          Rampage  .    (gloves unavailable)
Will    .....                    (boots unavailable)
Stlth   +.........               l - amulet of reflection
HPRegen 0.27/turn                (no ring)
MPRegen 0.13/turn                (no ring)

@: lightly drained
A: large, unfitting armour, tough skin 1, MP-powered wands
a: Renounce Religion, Recall Undead Harvest


You were in an ossuary.
You worshipped Yredelemnul.
Yredelemnul was noncommittal.
You visited 2 branches of the dungeon, and saw 5 of its levels.
You also visited: Ossuary.

You collected 137 gold pieces.

Inventory:

Hand Weapons
 a - a +4 bardiche
 e - a +0 spear (weapon)
 f - a +0 dagger
Missiles
 k - 14 stones
Armour
 b - a +0 robe (worn)
 c - a +0 hat (worn)
Jewellery
 l - an amulet of reflection (around neck)
Scrolls
 g - a scroll of magic mapping
 m - a scroll of amnesia


   Skills:
 + Level 2.1 Fighting
 + Level 1.3 Polearms
 - Level 1.7 Dodging
 - Level 1.4 Stealth
 + Level 4.8 Spellcasting
 - Level 1.0 Conjurations
 + Level 2.5 Summonings
 + Level 1.6 Translocations


You had 8 spell levels left.
You knew the following spells:

 Your Spells              Type           Power      Damage    Failure   Level
a - Magic Dart            Conj           28%        1d4       10%         1
b - Call Imp              Summ           12%        N/A       8%          2
c - Blink                 Tloc           18%        N/A       11%         2

Your spell library contained the following spells:

 Spells                   Type           Power      Damage    Failure   Level
 Slow                     Hex            16%        N/A       14%         1
 Cigotuvi's Dreadful Rot  Necr/Pois/Air  8%         N/A       22%         2
 Kindle Blastsparks       Fire/Tloc/Air  10%        2d10      34%         3
 Mephitic Cloud           Conj/Pois/Air  5%         N/A       36%         3
 Ignite Poison            Fire/Tmut/Pois 4%         N/A       41%         3
 Freezing Cloud           Conj/Ice/Air   2%         6-21      98%         5


Dungeon Overview and Level Annotations

Branches:
Dungeon (6/15)             Temple (1/1) D:6         Ossuary (1/1)

Altars:
Cheibriados
Fedhas
Gozag
Hepliaklqana
Kikubaaqudgha
Makhleb
Nemelex Xobeh
Ru
Sif Muna
Trog
Uskayaw
Yredelemnul
The Shining One

Annotations:
D:3 Robin


Innate Abilities, Weirdness & Mutations

You are too large for most types of armour.
You have tough skin. (AC +1)
You expend magic power (3 MP) to strengthen your wands.


Message History

The centaur zombie hits you but does no damage.
The centaur zombie kicks you.
You aren't carrying any items that you can evoke.
Unknown command.
A beastly little devil appears in a puff of flame.
The centaur zombie hits you but does no damage.
The centaur zombie kicks you but does no damage.
The centaur zombie hits you.
* * * LOW HITPOINT WARNING * * *
The centaur zombie kicks you but does no damage.
The centaur zombie closely misses you.
The centaur zombie kicks you but does no damage.
You hit the centaur zombie but do no damage.
The centaur zombie hits you.
* * * LOW HITPOINT WARNING * * *
The centaur zombie barely misses you. x4; The centaur zombie misses you.
Your crimson imp hits the centaur zombie.
You hit the centaur zombie but do no damage.
The centaur zombie is lightly damaged.
The centaur zombie hits you but does no damage.
You block the centaur zombie's attack. The centaur zombie hits you.
* * * LOW HITPOINT WARNING * * *
The centaur zombie kicks you but does no damage.
The centaur zombie barely misses you. The centaur zombie kicks you.
* * * LOW HITPOINT WARNING * * *
Your crimson imp hits the centaur zombie.
The centaur zombie hits you.
* * * LOW HITPOINT WARNING * * *
The centaur zombie kicks you but does no damage.
The centaur zombie barely misses you. The centaur zombie kicks you.
* * * LOW HITPOINT WARNING * * *
You block the centaur zombie's attack.
The centaur zombie kicks you but does no damage.
You hit the centaur zombie.
The centaur zombie is moderately damaged.
The centaur zombie hits you.
* * * LOW HITPOINT WARNING * * *
The centaur zombie closely misses you. The centaur zombie hits you.
You die...
Your body rises from the dead as a mindless zombie.

##.....
#.......
##^....#
#...^...
##.^...#
#.^..5..
##^.^.Z##
#.^.^.Z@#
##....Z##
#.....#
#....M#
#..∩..#
#..M.M#
#..∩..#
#.....#
#§....#


You could see 3 mummies, 3 centaur zombies and a friendly crimson imp
(summoned).

Vanquished Creatures
  An adder (D:2)
  2 worms (D:2)
  3 dart slugs
  An orc (D:3)
  5 endoplasms
  2 giant cockroaches (D:1)
  11 goblins
  5 hobgoblins
  4 jackals (D:1)
  A kobold (D:2)
  A quokka (D:2)
  5 ball pythons
  5 bats (D:1)
  2 frilled lizards (D:1)
  5 rats
53 creatures vanquished.

Vanquished Creatures (collateral kills)
  2 hounds
  An adder (D:2)
  An ufetubus (Temple)
  2 worms (D:2)
  A ball python (D:2)
7 creatures vanquished.

Grand Total: 60 creatures vanquished

Notes
Turn   | Place    | Note
-------+----------+-------------------------------------------
     0 | D:1      | KennySheep the Ogre Hedge Wizard began the quest for the
                  | Orb.
     0 | D:1      | Reached XP level 1. HP: 16/16 MP: 5/5
   158 | D:1      | Reached skill level 1 in Summonings
   335 | D:1      | Reached XP level 2. HP: 24/24 MP: 3/6
   377 | D:1      | Reached skill level 4 in Spellcasting
   547 | D:1      | HP: 1/24 [jackal (2)]
   656 | D:1      | Reached XP level 3. HP: 31/31 MP: 2/8
   895 | D:1      | Learned a level 2 spell: Call Imp
  1352 | D:1      | Reached skill level 1 in Conjurations
  1355 | D:1      | Learned a level 2 spell: Blink
  1682 | D:2      | Reached skill level 1 in Translocations
  1750 | D:2      | Reached skill level 1 in Fighting
  1770 | D:2      | Reached XP level 4. HP: 35/41 MP: 10/10
  2671 | D:3      | Noticed Robin
  2817 | D:3      | Found a faded altar of an unknown god.
  2829 | D:3      | You fall into a shaft and drop 3 floors!
  2847 | D:6      | Reached skill level 1 in Polearms
  2847 | D:6      | Reached XP level 5. HP: 38/45 MP: 9/12
  2857 | D:6      | Gained mutation: You are clumsy. (Dex -2) [potion of
                  | mutation]
  2857 | D:6      | Gained mutation: You are partially covered in iridescent
                  | scales. (AC +2) [potion of mutation]
  2867 | D:6      | Noticed a sky beast
  2871 | D:6      | Found a staircase to the Ecumenical Temple.
  2880 | Temple   | Entered the Ecumenical Temple
  3161 | Temple   | Became a worshipper of Yredelemnul the Dark
  3177 | D:6      | Noticed an ice beast
  3181 | D:6      | Noticed an ogre
  3183 | D:6      | Found a sand-covered staircase.
  3192 | Ossuary  | Entered an ossuary
  3202 | Ossuary  | Lost mutation: You are clumsy. (Dex -2) [potion of
                  | mutation]
  3202 | Ossuary  | Lost mutation: You are partially covered in iridescent
                  | scales. (AC +2) [potion of mutation]
  3202 | Ossuary  | Gained mutation: You expend magic power (3 MP) to
                  | strengthen your wands. [potion of mutation]
  3206 | Ossuary  | Slain by a centaur zombie

Illustrated notes

Levels and vault maps discovered:
D:1:      dpeg_arrival_castle, layout_loops_ring,
          minmay_misc_feat_secret_circle, minmay_cupped
D:2:      layout_basic
D:3:      layout_loops_ring, basic_ecumenical_altar, guppyfry_early_orc_mine,
          uniq_robin
D:6:      layout_cave_pools, chequers_temple_overflow_minitemple,
          minmay_temple_entry_antechambers, nicolae_ossuary_entry_ruins,
          wad_floor_pattern_untrapped, uniq_blork_the_orc
Temple:   nicolae_temple_god_jail
Ossuary:  ossuary_the_hunt_dpeg

Skill      XL: |  1  2  3  4  5 |
---------------+----------------+-----
Summonings     | 1 2 |  2.5
Spellcasting   | 4 |  4.8
Conjurations   | 1 |  1.0
Translocations | 1 |  1.6
Fighting       | 1 2 |  2.1
Polearms       | 1 |  1.3
Dodging        | |  1.7
Stealth        | |  1.4

Action                   |  1- 3 |  4- 6 || total
-------------------------+-------+-------++-------
Melee: Spear             |    68 |   104 ||   172
       Punch             |       |     2 ||     2
 Cast: Magic Dart        |    83 |     1 ||    84
       Call Imp          |     2 |    17 ||    19
       Blink             |       |     4 ||     4
  Use: Potion            |     1 |     2 ||     3
       Scroll            |       |     5 ||     5
 Stab: Sleeping          |     1 |     1 ||     2
Armor: Robe              |    38 |    62 ||   100
Dodge: Dodged            |    39 |    83 ||   122
Block: Other             |       |    37 ||    37

Table legend: (Time is in decaauts)
 A = Elapsed time spent in this place.
 B = Non-inter-level travel time spent in this place.
 C = Inter-level travel time spent in this place.
 D = Time resting spent in this place.
 E = Time spent auto-exploring this place.
 F = Levels seen in this place.
 G = Mean time per level.
                   A        B        C        D        E       F      G
               +--------+--------+--------+--------+--------+-----+--------+
         Total |   3222 |   3133 |     89 |    667 |   1735 |   6 |  537.0 |
       Dungeon |   2917 |   2828 |     89 |    511 |   1688 |   4 |  729.2 |
        Temple |    291 |    291 |      0 |    156 |     47 |   1 |  291.0 |
       Ossuary |     13 |     13 |      0 |      0 |      0 |   1 |   13.0 |
               +--------+--------+--------+--------+--------+-----+--------+

Top non-repeatable levels by time:
     D:1: 1654 daAuts
     D:2: 1108 daAuts
  Temple: 291 daAuts
     D:3: 81 daAuts
     D:6: 72 daAuts
 Ossuary: 13 daAuts
